Map: Orbital Shipyard

Players

Pseudorandom

leiash - Winner!

  • Race: Zerg Zerg

VOD

http://www.twitch.tv/pseudorandom63/b/646849655

Description

Time

  • Played on: April 7, 2015, 1:15 a.m.
  • Length: 12:11
Show
View Real Time Build Order
Export as new Build Order

Pseudorandom Zerg 

Build Orders: Pool First 

Get SALT Encoding   

  12  0:01  Drone  
  13  0:11  Extractor  
  13  0:12  Drone  
  13  0:29  Spawning Pool  
  13  0:33  Drone  
  13  0:44  Overlord  
  13  0:49  Drone  
  14  0:57  Drone, Extractor  
  15  1:15  Metabolic Boost  
  15  1:16  Zergling x4  
  17  1:19  Zergling x2  
  18  1:29  Queen  
  18  1:32  Zergling x2  
  21  1:39  Zergling x2  
  22  2:00  Hatchery  
  21  2:04  Overlord  
  21  2:12  Zergling x2  
  22  2:25  Zergling x4  
  24  2:35  Zergling x2  
  23  2:39  Zergling x6  
  23  2:40  Zergling x2  
  25  2:45  Zergling x2  
  26  2:57  Overlord  
  26  3:08  Zergling x8  
  26  3:12  Drone  
  30  3:13  Drone  
  30  3:18  Baneling Nest  
  30  3:21  Drone  
  31  3:30  Drone x2  
  29  3:36  Drone  
  29  3:40  Drone  
  32  3:58  Queen  
  32  3:59  Lair  
  32  4:04  Drone, Extractor  
  32  4:08  Drone x2  
  34  4:14  Drone  
  35  4:19  Drone x2  
  35  4:23  Drone  
  38  4:28  Overlord  
  38  4:35  Drone x2  
  40  4:42  Overlord  
  40  4:53  Drone  
  40  4:54  Drone x2  
  43  5:00  Spire  
  43  5:04  Zergling x4  
  44  5:11  Zergling x8  
  48  5:21  Drone x2  
  48  5:23  Overseer  
  48  5:25  Overseer  
  50  5:31  Overlord x2  
  50  5:46  Overlord x2  
  50  6:11  Mutalisk  
  50  6:12  Mutalisk x2  
  50  6:13  Drone x5  
  50  6:14  Drone x3  
  64  6:18  Drone  
  64  6:19  Spine Crawler, Extractor x2  
  64  6:20  Spine Crawler  
  58  6:37  Mutalisk  
  55  6:47  Drone  
  55  6:48  Drone x2  
  55  6:50  Mutalisk  
  55  6:52  Hatchery  
  60  6:54  Drone x4  
  60  6:55  Drone x2  
  60  7:00  Evolution Chamber  
  64  7:01  Mutalisk  
  66  7:10  Mutalisk  
  68  7:23  Mutalisk  
  68  7:24  Zergling x2  
  68  7:25  Zergling x8  
  74  7:33  Mutalisk  
  74  7:35  Zergling x12  
  62  7:44  Mutalisk  
  62  7:45  Zergling x2  
  62  7:56  Zergling x4  
  54  8:09  Mutalisk  
  46  8:15  Zergling x2  
  40  8:20  Mutalisk  
  42  8:31  Zergling x4  
  43  8:42  Drone x3  
  43  8:46  Extractor  
  45  8:52  Drone x2  
  47  8:58  Mutalisk  
  49  9:08  Drone  
  49  9:09  Drone x2  
  52  9:24  Queen  
  52  9:29  Mutalisk  
  56  9:33  Drone x2  
  58  9:47  Drone, Roach Warren  
  58  9:48  Drone x2  
  60  9:56  Drone  
  60  9:59  Drone x2  
  61  10:07  Overlord  
  61  10:10  Drone  
  60  10:21  Drone x2  
  62  10:22  Drone  
  63  10:29  Roach  
  63  10:30  Glial Reconstitution  
  65  10:37  Hatchery  
  64  10:46  Roach x3  
  64  10:49  Roach  
  72  11:08  Roach x4  
  80  11:13  Ravager  
  80  11:16  Zergling x2  
  82  11:19  Overlord  
  82  11:26  Overlord, Extractor  
  82  11:27  Extractor  
  80  11:33  Roach  
  80  11:35  Ravager  
  79  11:49  Ravager x2  
  79  11:51  Zergling x12  
Show
View Real Time Build Order
Export as new Build Order

leiash Zerg - Winner!

Build Orders: Hatch First 

Get SALT Encoding   

  12  0:01  Drone  
  13  0:09  Drone  
  14  0:20  Overlord  
  14  0:39  Drone x3  
  17  0:52  Hatchery  
  17  0:55  Drone  
  17  1:01  Drone  
  18  1:12  Spawning Pool  
  18  1:14  Drone  
  18  1:21  Extractor  
  18  1:23  Drone  
  18  1:33  Drone  
  19  1:44  Overlord  
  19  1:58  Queen  
  19  2:00  Drone  
  22  2:05  Zergling x4  
  22  2:06  Roach Warren  
  23  2:08  Queen  
  24  2:31  Drone  
  22  2:47  Roach x4  
  30  2:54  Roach  
  32  3:02  Roach  
  33  3:13  Roach  
  33  3:14  Drone  
  36  3:21  Overlord  
  34  3:37  Roach  
  34  3:40  Drone  
  39  3:41  Drone x5  
  39  3:43  Drone  
  43  3:55  Drone  
  44  3:56  Overlord  
  44  4:09  Overlord  
  44  4:16  Drone  
  44  4:17  Drone x6  
  50  4:20  Drone  
  52  4:29  Drone  
  52  4:30  Drone x4  
  57  4:33  Extractor  
  57  4:34  Drone  
  57  4:39  Drone  
  57  4:40  Drone x2  
  60  4:47  Extractor  
  60  4:48  Drone, Extractor  
  60  4:49  Drone  
  60  4:52  Overlord x2  
  60  5:06  Overlord  
  60  5:11  Drone x2  
  60  5:12  Drone  
  63  5:15  Roach x3  
  63  5:20  Overlord x3  
  69  5:24  Ravager x4  
  69  5:25  Ravager  
  74  5:28  Ravager  
  75  5:41  Roach x3  
  81  5:49  Roach  
  83  5:50  Roach x5  
  93  5:59  Roach x2  
  93  6:00  Roach x2  
  101  6:09  Roach x2  
  105  6:24  Roach  
  107  6:44  Overlord, Ravager  
  107  6:45  Overlord x5  
  108  7:07  Roach x8  
  108  7:08  Roach x3  
  130  7:10  Hatchery  
  130  7:11  Ravager  
  130  7:12  Ravager x3  
  133  7:26  Roach x3  
  128  7:31  Spore Crawler  
  128  7:33  Queen  
  128  7:34  Queen  
  128  7:35  Spore Crawler  
  109  7:55  Drone x4  
  109  7:58  Spore Crawler  
  105  7:59  Spore Crawler  
  94  8:08  Overlord  
  86  8:14  Roach x3  
  86  8:18  Drone x2, Queen x2  
  90  8:26  Queen  
  90  8:28  Drone x5  
  89  8:39  Drone x2  
  79  8:43  Drone x5, Spore Crawler  
  75  8:49  Spore Crawler  
  75  8:54  Queen  
  76  8:57  Lair  
  76  9:00  Drone x4  
  80  9:08  Extractor  
  77  9:11  Queen, Extractor  
  78  9:20  Spore Crawler  
  73  9:25  Spore Crawler  
  73  9:26  Roach x8  
  88  9:44  Spore Crawler  
  88  9:46  Drone x6  
  88  9:47  Drone x4  
  88  9:50  Queen  
  100  10:06  Drone x8  
  108  10:07  Hydralisk Den  
  107  10:21  Glial Reconstitution  
  107  10:25  Queen  
  109  10:37  Ravager  
  109  10:38  Ravager x7  
  109  10:40  Muscular Augments  
  117  10:43  Hydralisk x10  
  117  10:45  Hydralisk  
  117  10:48  Hydralisk  
  141  10:50  Hydralisk  
  141  10:53  Hydralisk  
  141  10:56  Hydralisk  
  145  11:19  Spore Crawler  
  145  11:21  Hydralisk x5  
  145  11:24  Overlord x2  
  145  11:25  Overlord  
  154  11:37  Overlord x3  
  152  11:50  Roach x5  
  152  11:51  Roach  
  152  11:52  Hatchery  
Tags
 
Add a new tag
Caveats
  • Supply blocks, unpowered buildings, or Contaminate may cause inaccurate times.
  • Supply counts are checked every 10 seconds.